 Seeded DCSS version 0.31.0-32-g396128a36d (webtiles) character file.

Game seed: 2772133428319353497 (custom seed)

77 0gre the Chiller (level 4, 32/32 HPs)
             Began as a Gnoll Ice Elementalist on Apr 22, 2024.
             Quit the game on level 2 of the Dungeon.
             The game lasted 00:07:40 (1896 turns).

0gre the Chiller (Gnoll Ice Elementalist)           Turns: 1896, Time: 00:07:41

Health: 32/32      AC:  2    Str:  8    XL:     4   Next: 33%
Magic:  11/11      EV: 13    Int: 14    God:
Gold:   33         SH:  0    Dex: 14    Spells: 9/13 levels left

rFire   . . .        a - +0 long sword
rCold   . . .        (no shield)
rNeg    . . .        k - +0 robe
rPois   .            (no helmet)
rElec   .            (no cloak)
rCorr   .            (no gloves)
SInv    .            (no boots)
Will    .....        (no amulet)
Stlth   +++          (no ring)
HPRegen 0.25/turn    (no ring)
MPRegen 0.12/turn

%: no passive effects
@: no status effects
A: fangs 1, strong nose, distributed training
a: no special abilities


You were on level 2 of the Dungeon.
You visited 1 branch of the dungeon, and saw 2 of its levels.

You collected 93 gold pieces.
You spent 60 gold pieces at shops.

Inventory:

Hand Weapons
 a - a +0 long sword (weapon)
 c - a +0 spear
Missiles
 d - 4 poisoned darts (quivered)
Armour
 k - a +0 robe (worn)
Scrolls
 f - a scroll of amnesia
 j - a scroll of enchant weapon
 l - a scroll of teleportation
Potions
 b - a potion of magic
 e - a potion of might {unknown}
 g - 5 potions of lignification
 h - a potion of heal wounds
 i - a potion of enlightenment
 m - a potion of brilliance {unknown}


   Skills:
 + Level 1.1 Fighting
 + Level 1.1 Short Blades
 + Level 1.1 Long Blades
 + Level 1.1 Axes
 + Level 1.1 Maces & Flails
 + Level 1.1 Polearms
 + Level 1.1 Staves
 + Level 1.1 Ranged Weapons
 + Level 1.1 Throwing
 + Level 1.1 Armour
 + Level 4.6 Dodging
 + Level 4.2 Stealth
 + Level 1.1 Shields
 + Level 1.1 Unarmed Combat
 + Level 5.1 Spellcasting
 + Level 0.9 Conjurations
 + Level 0.9 Hexes
 + Level 0.9 Summonings
 + Level 0.9 Necromancy
 + Level 0.9 Translocations
 + Level 0.9 Fire Magic
 + Level 7.1 Ice Magic
 + Level 0.9 Air Magic
 + Level 0.9 Earth Magic
 + Level 0.9 Alchemy
 + Level 1.2 Invocations
 + Level 1.1 Evocations
 + Level 1.0 Shapeshifting


You had 9 spell levels left.
You knew the following spells:

 Your Spells              Type           Power      Damage    Failure   Level
a - Freeze                Ice            92%        1d9       1%          1
b - Frozen Ramparts       Ice            46%        1d7       2%          3

Your spell library contained the following spells:

 Spells                   Type           Power      Damage    Failure   Level
 Ozocubu's Armour         Ice            23%        N/A       2%          3
 Summon Ice Beast         Ice/Summ       14%        N/A       10%         3


Dungeon Overview and Level Annotations

Branches:
Dungeon (2/15)

Altars:
Zin

Shops:
D:1 (:*=


Innate Abilities, Weirdness & Mutations

You have very sharp teeth.
Your uncanny sense of smell can sniff out nearby items.
Your experience applies equally to all skills.


Message History

Your Ranged Weapons skill increases to level 1!
Your Throwing skill increases to level 1!
Your Armour skill increases to level 1!
Your Shields skill increases to level 1!
Your Unarmed Combat skill increases to level 1!
Your Evocations skill increases to level 1!
Magic restored.
You open the door.
There is an open door here.
Natasha, Servant of Life and Death comes into view.
Found a stone staircase leading up.
The helpless Natasha fails to defend herself.
You slash Natasha!
Natasha is severely wounded.
Natasha stares at you and mumbles some strange words.
The magic dart hits you!
Casting: Freeze (safe; 1% risk of failure)
Confirm with . or Enter, or press ? or * to list all spells.
Casting: Frozen Ramparts (dangerous; 2% risk of failure)
Press: ? - help, Dir - look around, f - activate The walls around you are covered in ice.
The wall freezes Natasha but does no damage.
Natasha claws you!
You barely miss Natasha.
Natasha is severely wounded.
The wall freezes Natasha.
You kill Natasha!
Natasha screams in pain as she dies!
Your Shapeshifting skill increases to level 1!
You have reached level 4!
You feel stronger.
The frozen ramparts melt away.
e - a fizzy cyan potion You open the door.
There is an open door here.
You open the door.
There is an open door here.
m - a fuming orange potion Done exploring.
Are you sure you want to abandon this character and quit the game? (Confirm with "yes".)

#.#...####.......
#####.##.## ##......
#.......## ##.....
#.###.#.# ##...# #.#
#.#.##########'## #.#
#÷............... #.#
###.#..##......##
#.#####.#..##........
#...@...#..##..##.÷.#
#########..##..#.....
#..<...##...#
##.........##
####.####.##
#.####... #......##
######.# #.#


There were no monsters in sight!

Vanquished Creatures
  Natasha (D:2)
  2 adders (D:2)
  2 bats (D:1)
  3 endoplasms
  4 giant cockroaches (D:1)
  A goblin (D:1)
  6 hobgoblins
  5 kobolds
  2 ball pythons (D:2)
  3 frilled lizards
  4 rats
33 creatures vanquished.

Notes
Turn   | Place    | Note
-------+----------+-------------------------------------------
     0 | D:1      | 0gre the Gnoll Ice Elementalist began the quest for the
                  | Orb.
     0 | D:1      | Reached XP level 1. HP: 13/13 MP: 6/6
    47 | D:1      | Found Juistet's Book Shoppe.
    97 | D:1      | Found Bomy's Weapon Shoppe.
   200 | D:1      | Found Elluxon's One-of-a-Kind Rings.
   243 | D:1      | Reached XP level 2. HP: 19/19 MP: 7/7
   360 | D:1      | Found Akhaut's Assorted Antiques.
   368 | D:1      | Bought a blue potion for 19 gold pieces
   716 | D:2      | Reached skill level 5 in Spellcasting
   716 | D:2      | Reached XP level 3. HP: 25/25 MP: 7/9
   720 | D:2      | Learned a level 3 spell: Frozen Ramparts
   831 | D:1      | Bought a sapphire potion for 19 gold pieces
  1079 | D:1      | Bought a scroll labelled LUDEOCH YDYISU for 22 gold pieces
  1158 | D:2      | Found a glowing silver altar of Zin.
  1249 | D:2      | Found a faded altar of an unknown god.
  1610 | D:2      | Reached skill level 1 in Invocations
  1658 | D:2      | Reached skill level 1 in Fighting
  1658 | D:2      | Reached skill level 1 in Short Blades
  1658 | D:2      | Reached skill level 1 in Long Blades
  1658 | D:2      | Reached skill level 1 in Axes
  1658 | D:2      | Reached skill level 1 in Maces & Flails
  1658 | D:2      | Reached skill level 1 in Polearms
  1658 | D:2      | Reached skill level 1 in Staves
  1658 | D:2      | Reached skill level 1 in Ranged Weapons
  1658 | D:2      | Reached skill level 1 in Throwing
  1658 | D:2      | Reached skill level 1 in Armour
  1658 | D:2      | Reached skill level 1 in Shields
  1658 | D:2      | Reached skill level 1 in Unarmed Combat
  1658 | D:2      | Reached skill level 1 in Evocations
  1691 | D:2      | Noticed Natasha
  1695 | D:2      | Killed Natasha
  1696 | D:2      | Reached skill level 1 in Shapeshifting
  1696 | D:2      | Reached XP level 4. HP: 11/32 MP: 7/11
  1896 | D:2      | Quit the game

Illustrated notes

Levels and vault maps discovered:
D:1:      minmay_arrival_checkered_box, layout_basic, serial_shops,
          nicolae_shop_hallway_stairs, shop, shop, st_stairs_13,
          nicolae_shop_unique_rings, hex_medium
D:2:      layout_loops_corners, dilly_ecumenical_altar_fadedgnrine, basic_altar,
          dk_noncrumbling_4, uniq_natasha

Skill      XL: |  1  2  3 |
---------------+----------+-----
Spellcasting   | 5 |  5.1
Invocations    | 1 |  1.2
Fighting       | 1 |  1.1
Short Blades   | 1 |  1.1
Long Blades    | 1 |  1.1
Axes           | 1 |  1.1
Maces & Flails | 1 |  1.1
Polearms       | 1 |  1.1
Staves         | 1 |  1.1
Ranged Weapons | 1 |  1.1
Throwing       | 1 |  1.1
Armour         | 1 |  1.1
Shields        | 1 |  1.1
Unarmed Combat | 1 |  1.1
Evocations     | 1 |  1.1
Shapeshifting  | 1 |  1.0
Dodging        | |  4.6
Stealth        | |  4.2
Conjurations   | |  0.9
Hexes          | |  0.9
Summonings     | |  0.9
Necromancy     | |  0.9
Translocations | |  0.9
Fire Magic     | |  0.9
Ice Magic      | |  7.1
Air Magic      | |  0.9
Earth Magic    | |  0.9
Alchemy        | |  0.9

Action                     |  1- 3 |  4- 6 || total
---------------------------+-------+-------++-------
  Melee: Dagger            |    54 |       ||    54
         Punch             |     2 |       ||     2
         Bite              |     6 |       ||     6
         Long sword        |    24 |       ||    24
   Cast: Freeze            |     4 |       ||     4
         Frozen Ramparts   |     1 |       ||     1
    Use: Scroll            |     6 |       ||     6
   Stab: Sleeping          |    11 |       ||    11
 Armour: Robe              |    29 |       ||    29
  Dodge: Dodged            |    41 |       ||    41
